 Dungeon Crawl Stone Soup version 0.30-a0-702-gdf48620a09 (webtiles) character file.

Game seed: 3527226619824531504

4153 Fenrisus the Skirmisher (level 10, -5/121 HPs)
             Began as a Formicid Hunter on Jan 21, 2023.
             Was a Follower of Hepliaklqana.
             Slain by a vampire
             ... wielding a +3 vampiric halberd
              (11 damage)
             ... in a bailey.
             The game lasted 00:28:08 (5977 turns).

Fenrisus the Skirmisher (Formicid Hunter)           Turns: 5977, Time: 00:28:10

Health: -5/121     AC: 25    Str: 17    XL:     10   Next: 52%
Magic:  10/10      EV:  2    Int: 10    God:    Hepliaklqana [*.....]
Gold:   190        SH:  0    Dex: 19    Spells: 9/9 levels left

rFire   + + .      SeeInvis .    a - +1 shortbow
rCold   + . .      Faith    .    (no shield)
rNeg    . . .      Spirit   .    (body armour currently unavailable)
rPois   +          Reflect  .    (helmet unavailable)
rElec   +          Harm     .    (cloak currently unavailable)
rCorr   +          Rampage  .    (gloves currently unavailable)
Will    +....                    (boots currently unavailable)
Stlth   +++                      m - amulet of regeneration
HPRegen 1.20/turn                p - ring of protection from fire
MPRegen 0.12/turn                (no ring)

@: tree-form, resistant
A: stationary, stasis, torment immunity, boosted hp, reduced essence, permanent
stasis, dig shafts and tunnels, (antennae 3), four strong arms, robust 1
a: Renounce Religion, Recall Ancestor, Ancestor Identity


You were in a bailey.
You worshipped Hepliaklqana.
Hepliaklqana was aware of your devotion.
You were a tree.
You visited 2 branches of the dungeon, and saw 8 of its levels.
You also visited: Bailey.

You collected 362 gold pieces.
You spent 172 gold pieces at shops.

Inventory:

Hand Weapons
 a - a +1 shortbow (weapon)
 d - the +6 dagger of Eternal War {flame, rF+ Will+}
   (You found it on level 3 of the Dungeon)

   rF:        It protects you from fire.
   Will:      It increases your willpower.
 r - a +2 flail of protection
Armour
 g - a +0 plate armour
 h - a +2 pair of gloves (melded)
 i - the +4 leather armour of the Armoured One {rN+}
   (You found it on level 3 of the Dungeon)

   rN:        It protects you from negative energy.
 j - a +0 pair of boots of flying (melded)
 t - a +2 ring mail of willpower
 u - the +3 leather armour "Baintah" (melded) {Fly rC+ Regen+ Dex+2}
   (You found it in a bailey)

   Dex:       It affects your dexterity (+2).
   rC:        It protects you from cold.
   Fly:       It grants you flight.
   Regen:     It increases your rate of health regeneration.
 v - a +2 chain mail of poison resistance
Jewellery
 c - an amulet of the acrobat
 m - an amulet of regeneration (around neck)
 p - a ring of protection from fire (left branch)
Wands
 o - a wand of roots (7)
Scrolls
 b - 2 scrolls of immolation
 e - a scroll of amnesia
 k - a scroll of fog
Potions
 f - a potion of berserk rage {unknown}
 n - a potion of curing {unknown}
 q - a potion of cancellation {unknown}


   Skills:
 + Level 8.3 Fighting
 + Level 8.5 Ranged Weapons
 - Level 7.0 Armour
 + Level 6.7 Dodging
 + Level 4.4 Stealth


You had 9 spell levels left.
You didn't know any spells.
Your spell library contained the following spells:

 Spells                   Type           Power      Damage    Failure   Level
 Stone Arrow              Conj/Erth      0%         3d7       75%         3
 Animate Armour           Summ/Erth      0%         N/A       98%         4
 Summon Lightning Spire   Summ/Air       0%         N/A       98%         4
 Storm Form               Tmut/Air       0%         N/A       100%        7
 Lehudib's Crystal Spear  Conj/Erth      0%         10d2      100%        8
 Maxwell's Capacitive Co  Air            0%         ∞         100%        8


Dungeon Overview and Level Annotations

Branches:
Dungeon (7/15)             Temple (1/1) D:5          Bailey (1/1)

Altars:
Ashenzari
Cheibriados
Dithmenos
Fedhas
Gozag
Hepliaklqana
Makhleb
Nemelex Xobeh
Okawaru
Qazlal
Ru
Sif Muna
Trog
Uskayaw
Vehumet
Wu Jian
Xom
Yredelemnul
Zin
The Shining One

Shops:
D:6 [

Annotations:
Temple 2 transporters


Innate Abilities, Weirdness & Mutations

You are a tree.
Your roots penetrate the ground, keeping you stationary.
You cannot be teleported.
You are immune to unholy pain and torment.
Your maximum health is greatly increased.
Your equipment is partially melded.
Your life essence is reduced to manifest your ancestor. (-10% HP)
You cannot be hasted, slowed, berserked, paralysed or teleported.
You can dig through walls and to a lower floor.
((You have a pair of large antennae on your head. (SInv)))
Your four strong arms can wield two-handed weapons with a shield.
You are robust. (+10% HP)


Message History

Qitarah hits the vampire.
The vampire points at you and mumbles some strange words.
You are confused.
Qitarah barely misses the vampire.
The vampire barely misses you.
The vampire bites you but does no damage.
Qitarah barely misses the vampire.
The vampire barely misses you.
The vampire bites you but does no damage.
Qitarah hits the vampire.
The vampire hits you with a +3 vampiric halberd.
* * * LOW HITPOINT WARNING * * *
The vampire draws strength from your wounds!
The vampire bites you but does no damage.
Qitarah closely misses the vampire.
The vampire gestures at you while chanting.
You easily resist.
Qitarah hits the vampire.
The vampire hits you but does no damage.
The vampire completely misses you.
Qitarah closely misses the vampire.
The vampire hits you but does no damage.
The vampire bites you.
* * * LOW HITPOINT WARNING * * *
The vampire draws strength from your injuries!
You feel less confused.
Qitarah hits the vampire but does no damage.
The vampire hits you but does no damage.
The vampire bites you.
* * * LOW HITPOINT WARNING * * *
The vampire draws strength from your injuries!
Qitarah closely misses the vampire.
The vampire hits you but does no damage.
The vampire bites you but does no damage.
Qitarah hits the vampire.
The vampire hits you with a +3 vampiric halberd!
* * * LOW HITPOINT WARNING * * *
The vampire draws strength from your wounds!
The vampire bites you but does no damage.
Qitarah hits the vampire but does no damage.
The vampire hits you with a +3 vampiric halberd!
You die...

#..........#
♣♣♣♣♣♣♣♣♣#....#..#....#
♣≈≈≈≈≈≈≈≈≈≈≈≈≈#..#≈≈≈≈≈
≈≈≈≈≈≈≈≈≈≈≈≈≈≈#..# ≈≈≈≈
≈.............#..#####♣
.....#'########..#...#
...8.#.......##).#...#
..8..#.....))##..#...#
.8...#'#####'##.♣#...#
....##........#.V#...#
....#...........R....#
....#................#
...##..............####
.8.#.).........)...').#
...#.)....♣..♣♣....#..#
...#'####...♣)..♣..##)###
...#))..#..)....♣...#)..#


You could see the friendly Qitarah the ancestor and a vampire (ally target).

Vanquished Creatures
  A two-headed ogre (D:6)
  A gargoyle (Bailey)
  A water moccasin (D:6)
  2 sky beasts
  2 black bears
  An ice beast (D:5)
  3 ogres (D:5)
  2 wolves (D:6)
  2 centaurs (D:5)
  A kobold brigand (D:6)
  A phantom (D:6)
  3 bullfrogs
  5 scorpions
  A howler monkey (D:6)
  6 vampire bats (Bailey)
  3 wolf zombies (Bailey)
  A gnoll bouda (D:5)
  3 hounds (D:6)
  A jelly (D:4)
  An orc priest (D:5)
  8 iguanas
  4 orc wizards (D:5)
  20 gnolls
  9 adders
  2 white imps (D:6)
  An ufetubus (D:5)
  2 worms
  4 dart slugs
  9 orcs
  5 ball pythons
  10 endoplasms
  2 giant cockroaches
  10 goblins
  4 hobgoblins
  15 jackals
  10 kobolds
  3 quokkas
  6 bats
  3 frilled lizards
  18 orc zombies (Bailey)
  4 rats
190 creatures vanquished.

Vanquished Creatures (collateral kills)
  4 vampire bats (Bailey)
  5 orc zombies (Bailey)
9 creatures vanquished.

Vanquished Creatures (others)
  4 ancestors (Bailey)
  2 withered plants (D:7)
6 creatures vanquished.

Grand Total: 205 creatures vanquished

Notes
Turn   | Place    | Note
-------+----------+-------------------------------------------
     0 | D:1      | Fenrisus the Formicid Hunter began the quest for the Orb.
     0 | D:1      | Reached XP level 1. HP: 16/16 MP: 1/1
   274 | D:1      | Reached XP level 2. HP: 23/23 MP: 2/2
   532 | D:1      | Reached XP level 3. HP: 28/28 MP: 3/3
   922 | D:2      | Reached XP level 4. HP: 34/34 MP: 4/4
  1178 | D:2      | Found a faded altar of an unknown god.
  1416 | D:3      | Identified the +6 dagger of Eternal War {flame, rF+ Will+}
  1441 | D:3      | Identified the +4 leather armour of the Armoured One {rN+}
  1451 | D:3      | Noticed a sky beast
  1476 | D:3      | Gained mutation: You are robust. (+10% HP) [potion of
                  | mutation]
  1513 | D:3      | Killed a sky beast
  1514 | D:3      | Reached skill level 1 in Armour
  1514 | D:3      | Reached XP level 5. HP: 37/46 MP: 5/5
  1742 | D:3      | Found a stormy altar of Qazlal.
  2122 | D:4      | Reached XP level 6. HP: 52/52 MP: 6/6
  2226 | D:4      | Reached skill level 5 in Ranged Weapons
  2419 | D:4      | Noticed a black bear
  2714 | D:4      | Killed a black bear
  2715 | D:4      | Reached XP level 7. HP: 60/60 MP: 7/7
  3303 | D:5      | Entered Level 5 of the Dungeon
  3492 | D:5      | Reached skill level 5 in Fighting
  3492 | D:5      | Reached XP level 8. HP: 68/68 MP: 8/8
  3713 | D:6      | HP: 2/69 [scorpion (4)]
  3918 | D:5      | Reached skill level 5 in Armour
  3967 | D:5      | Found a basalt altar of Yredelemnul.
  3967 | D:5      | Found a bloodstained altar of Trog.
  4067 | D:5      | Reached XP level 9. HP: 73/75 MP: 9/9
  4080 | D:5      | Found a staircase to the Ecumenical Temple.
  4095 | Temple   | Entered the Ecumenical Temple
  4095 | Temple   | Found a transporter.
  4095 | Temple   | Found a transporter.
  4097 | Temple   | Found a transporter.
  4097 | Temple   | Found a transporter.
  4117 | Temple   | Became a worshipper of Hepliaklqana the Forgotten
  4310 | D:5      | Reached skill level 5 in Dodging
  4931 | D:6      | Noticed a two-headed ogre
  4946 | D:6      | Killed a two-headed ogre
  4947 | D:6      | Reached XP level 10. HP: 35/86 MP: 10/10
  5314 | D:6      | Found Heup's Armour Shop.
  5324 | D:6      | Bought a +0 pair of boots of flying for 172 gold pieces
  5489 | D:7      | Found a flagged portal.
  5496 | Bailey   | Entered a bailey
  5506 | Bailey   | Reached * piety under Hepliaklqana
  5750 | Bailey   | Noticed a gargoyle
  5756 | Bailey   | Killed a gargoyle
  5834 | Bailey   | Identified the +3 leather armour "Baintah" {Fly rC+ Regen+
                  | Dex+2}
  5976 | Bailey   | HP: 5/121 [vampire/+3 vampiric halberd (10)]
  5977 | Bailey   | Slain by a vampire

Illustrated notes

Levels and vault maps discovered:
D:1:      wander_arrival_desolate, layout_basic
D:2:      layout_rooms, shapermc_ecumenical_altar_venn
D:3:      layout_basic, mainiacjoe_overflow_alcove_4, serial_bayou_pond_e
D:4:      layout_gridville, nicolae_ossuary_entry_plus
D:5:      wad_river_or_something, layout_loops_ring,
          chequers_temple_overflow_statue_of_worship,
          minmay_temple_entry_drinking_statues
D:6:      layout_cave_pools, serial_gnoll_camp, gnoll_camp_mini_shop,
          gnoll_camp_mini_loothouse, gnoll_camp_mini_doghouse,
          gnoll_camp_mini_doghouse
D:7:      nzn_winding_woodlands_large [nzn_winding_woodlands_5x5_cross,
          nzn_winding_woodlands_5x15_zeroes,
          nzn_winding_woodlands_5x5_closed_star,
          nzn_winding_woodlands_center_diamonds,
          nzn_winding_woodlands_15x15_eel_pit,
          nzn_winding_woodlands_center_lodge, nzn_winding_woodlands_5x5_default,
          nzn_winding_woodlands_5x15_pathside_ponds,
          nzn_winding_woodlands_5x5_perimeter], layout_gridville,
          kiku_gazebo_garden_becter, enter_bailey_3
Temple:   hellmonk_temple_divided_pantheon
Bailey:   bailey_polearm_vampire_castle_hellmonk, bailey

Skill      XL: |  1  2  3  4  5  6  7  8  9 10 |
---------------+-------------------------------+-----
Dodging        | 2 3 4 6 |  6.7
Stealth        | 2 4 |  4.4
Fighting       | 3 4 5 6 7 8 |  8.3
Armour         | 1 2 3 5 6 7 |  7.0
Ranged Weapons | 5 6 7 8 |  8.5

Action                   |  1- 3 |  4- 6 |  7- 9 | 10-12 || total
-------------------------+-------+-------+-------+-------++-------
Melee: Dagger            |       |    14 |       |       ||    14
 Fire: Shortbow          |    94 |   116 |   395 |   223 ||   828
Evoke: Wand              |       |       |       |     3 ||     3
  Use: Scroll            |       |     5 |       |     3 ||     8
       Potion            |       |     5 |       |     3 ||     8
Armor: Leather armour    |     3 |    27 |   166 |    42 ||   238
       Plate armour      |    51 |    44 |       |       ||    95
       Skin              |       |    28 |       |     9 ||    37
       Ring mail         |       |       |       |    22 ||    22
Dodge: Dodged            |    20 |    69 |   317 |   159 ||   565

Table legend: (Time is in decaauts)
 A = Elapsed time spent in this place.
 B = Non-inter-level travel time spent in this place.
 C = Inter-level travel time spent in this place.
 D = Time resting spent in this place.
 E = Time spent auto-exploring this place.
 F = Levels seen in this place.
 G = Mean time per level.
                   A        B        C        D        E       F      G
               +--------+--------+--------+--------+--------+-----+--------+
         Total |   6226 |   3620 |   2606 |    491 |   1272 |   9 |  691.8 |
       Dungeon |   5687 |   3113 |   2574 |    415 |   1272 |   7 |  812.4 |
        Temple |     36 |      4 |     32 |      0 |      0 |   1 |   36.0 |
        Bailey |    502 |    502 |      0 |     76 |      0 |   1 |  502.0 |
               +--------+--------+--------+--------+--------+-----+--------+

Top non-repeatable levels by time:
     D:5: 1152 daAuts
     D:4: 1114 daAuts
     D:6: 1023 daAuts
     D:3: 885 daAuts
     D:1: 781 daAuts
     D:2: 666 daAuts
  Bailey: 502 daAuts
     D:7: 63 daAuts
  Temple: 36 daAuts
